 Dungeon Crawl Stone Soup version 0.18.1-5-g4a78601 (webtiles) character file.

316488 Goblin1989 the Bludgeoner (level 21, -5/144 HPs)
             Began as a Gargoyle Gladiator on May 10, 2016.
             Was an Initiate of Gozag.
             Slain by a spriggan berserker
             ... wielding a +0 broad axe
              (22 damage)
             ... on level 2 of the Depths on May 11, 2016.
             The game lasted 02:15:51 (37770 turns).

Goblin1989 the Bludgeoner (Gargoyle Gladiator)     Turns: 37770, Time: 02:15:54

Health: -5/144     AC: 44    Str: 29    XL:     21   Next: 77%
Magic:  21/23      EV: 12    Int: 12    God:    Gozag
Gold:   12206      SH:  0    Dex: 13    Spells: 3 memorised, 15 levels left

rFire  + . .     SeeInvis +     a - +7 great mace (elec)
rCold  + + .     Gourm    .     H - +4 plate armour {rF+}
rNeg   + . .     Faith    .     (shield currently unavailable)
rPois  ∞         Spirit   .     W - +0 helmet of the Lair of Beasts {MR+ Dex+3}
rElec  +         Dismiss  .     A - +0 cloak
rCorr  .         Reflect  .     Z - +2 pair of gloves
SustAt .         Harm     .     Q - +2 pair of boots of the Dolphin {rC+ MP-9 Str+3 SInv}
MR     +++..                    r - amulet of regeneration
Stlth  ..........               m - ring of protection from magic
                                c - ring of protection from cold

@: about to teleport, corroded, gold aura, flying, extremely resistant to
hostile enchantments, extremely unstealthy
A: big wings, negative energy resistance 1, electricity resistance, unbreathing,
petrification resistance, rot immunity, AC +15
a: Stop Flying, Potion Petition, Call Merchant, Bribe Branch, Renounce Religion
}: 1/15 runes: serpentine


You were on level 2 of the Depths.
You worshipped Gozag.
Gozag was noncommittal.
You were hungry.

You visited 7 branches of the dungeon, and saw 37 of its levels.
You also visited: Labyrinth, Ossuary, Ice Cave and Volcano.

You collected 19165 gold pieces.
You spent 6941 gold pieces at shops.
You paid 18 gold pieces to Gozag.

Inventory:

Hand Weapons
 a - a +7 great mace of electrocution (weapon)
Missiles
 d - 11 throwing nets (quivered)
Armour
 A - a +0 cloak (worn)
 H - a +4 plate armour of fire resistance (worn)
 Q - the +2 pair of boots of the Dolphin (worn) {rC+ MP-9 Str+3 SInv}
   (You found it in an ice cave)

   It affects your strength (+3).
   It protects you from cold.
   It affects your magic capacity (-9).
   It lets you see invisible.
 W - the +0 helmet of the Lair of Beasts (worn) {MR+ Dex+3}
   (You bought it in a shop on level 11 of the Dungeon)

   It affects your dexterity (+3).
   It affects your resistance to hostile enchantments.
 Z - a +2 pair of gloves (worn)
Rods
 b - a +0 rod of clouds (9/9)
   (You found it in a labyrinth)
 w - a +7 iron rod (13/13)
   (You bought it in a shop on level 4 of the Vaults)
 z - a +2 rod of inaccuracy (9/9)
   (You found it on level 2 of the Snake Pit)
Jewellery
 c - a ring of protection from cold (left hand)
 l - an uncursed ring of positive energy
 m - a ring of protection from magic (right hand)
 r - an amulet of regeneration (around neck)
 L - an uncursed ring of sustain attributes
Wands
 p - a wand of disintegration (9/24)
 B - a wand of teleportation (1/9)
 F - a wand of disintegration (12/24)
 K - a wand of digging (12/24)
Scrolls
 e - 11 scrolls of remove curse
 h - 5 scrolls of fear
 j - 3 scrolls of summoning
 k - 3 scrolls of holy word
 n - 19 scrolls of teleportation
 q - 4 scrolls of enchant armour
 u - 7 scrolls of noise
 y - 6 scrolls of fog
 C - 7 scrolls of immolation
 M - 17 scrolls of identify
 N - 4 scrolls of magic mapping
 T - a scroll of silence
 U - 3 scrolls of recharging
Potions
 g - 21 potions of curing
 o - 6 potions of agility
 s - 4 potions of berserk rage
 v - 2 potions of haste
 D - 7 potions of cancellation
 E - a potion of resistance
 G - 3 potions of ambrosia
 O - 5 potions of invisibility
 P - 6 potions of heal wounds
 R - 3 potions of might
 S - a potion of cure mutation
Miscellaneous
 J - a lamp of fire
 V - a stone of tremors
 X - a box of beasts
Comestibles
 f - 18 bread rations
 i - 10 meat rations
 x - a slice of pizza
 I - 3 royal jellies


   Skills:
 - Level 19.2 Fighting
 - Level 20.1 Maces & Flails
 - Level 2.0 Throwing
 + Level 17.9 Armour
 - Level 8.0 Dodging
   Level 5.3 Shields
 + Level 6.4 Translocations
 * Level 15.1 Evocations


You had 15 spell levels left.
You knew the following spells:

 Your Spells              Type           Power        Failure   Level  Hunger
a - Apportation           Tloc           ###.......   14%         1    ##.....
b - Repel Missiles        Chrm/Air       #.....       99%         2    ###....
c - Blink                 Tloc           N/A          21%         2    ###....


Dungeon Overview and Level Annotations

Branches:
Dungeon (15/15)            Temple (0/1) D:4            Lair (8/8) D:8
 Shoals (2/4) Lair:6        Snake (4/4) Lair:5        Slime (0/6) Lair:7
    Orc (2/2) D:12            Elf (0/3) Orc:2        Vaults (4/5) D:13
  Crypt (0/3) Vaults:3     Depths (2/5) D:15

Altars:
Ashenzari
Cheibriados
Dithmenos
Elyvilon
Fedhas
Gozag
Kikubaaqudgha
Makhleb
Okawaru
Ru
Sif Muna
Xom
The Shining One
Beogh

Shops:
D:10 !?:   D:11 [   D:14 *   D:15 !   Orc:2 %:%(   Vaults:3 :   Vaults:4 }

Portals:
Hell: Depths:1
Pandemonium: Depths:1

Annotations:
D:7 4 exclusions
D:10 exclusion: downstairs
Snake:3 exclusion: downstairs


Innate Abilities, Weirdness & Mutations

You are resistant to torment.
Your stone body is resilient (AC +15).
You are immune to poison.
Your large and strong wings let you fly indefinitely.
You resist negative energy.
You are resistant to electric shocks.
You can survive without breathing.
You are immune to petrification.
You are immune to rotting.


Message History

You miss the spriggan berserker.
The spriggan berserker hits you with a broad axe!!
You take 21 damage, and have 16/144 hp.
Okay, then.
You blink.
The redback is distracted by the nearby gold.
The entropy weaver closely misses you.
The entropy weaver hits you but does no damage. x3
You now have 21/23 mp.
Drink which item? (? for menu, Esc to quit)
You can't drink that!
Read which item? (? for menu, Esc to quit)
As you read the scroll of teleportation, it crumbles to dust.
You feel strangely unstable.
The spriggan berserker rages.
The entropy weaver gestures wildly while chanting.
The entropic weave corrodes you!
The spriggan berserker hits you with a broad axe!!
You die...
Your body crumbles into a pile of gold.

..........###<...................
.##.......# #....................
.##..###..# #.....$.$..$....$....
.....'.#..###.....###############
.....###....#...s.# $
..##........#.....#
..##..#######.....#
....(.'[..())...i.#
.....)#######...@.#
###.(.)(.(..#..p..#
#.#.)####...#.....# .s..
#'#..(((#...#.....# ....
....)####...#.....# i....
....(.......#.....# .....
..#####...###.....#$G....
..#(..#...# #.)...#......
..#...#...# #.....#.D....


You could see an entropy weaver, a spriggan berserker (berserk) and a redback.

Vanquished Creatures
  Mara (Depths:1)
  Sojobo (Depths:1)
  Vashnia (Snake:4)
  A golden dragon (Vaults:3)
  An Ice Fiend (IceCv)
  Asterion (Snake:4)
  A kraken (Shoals:1)
  3 tengu reavers
  Kirke (D:13)
  A storm dragon (Vaults:4)
  A storm dragon (shapeshifter) (Depths:2)
  6 greater nagas (Snake:4)
  A frost giant (Depths:2)
  Donald (Snake:4)
  A fire giant (Vaults:3)
  Maud (Orc:1)
  Louise (Snake:1)
  6 vault wardens
  2 orc warlords (Depths:2)
  Aizul (Snake:4)
  2 spriggan defenders (Depths:2)
  8 ironheart preservers
  8 stone giants
  A vampire knight (Depths:2)
  A salamander stormcaller (D:15)
  Azrael (Orc:2)
  5 spark wasps
  A minotaur (shapeshifter) (Depths:2)
  An eidolon (Vaults:3)
  A minotaur (Lab)
  6 fire dragons
  2 merfolk javelineers (Depths:2)
  5 ettins
  5 deep elf death magi
  4 great orbs of eyes
  8 vault guards
  11 yaktaur captains
  2 jiangshi (Depths:2)
  2 merfolk impalers
  4 hydras
  2 entropy weavers (Depths:2)
  15 naga warriors
  A rakshasa (Depths:1)
  5 ice dragons
  Harold (Orc:1)
  2 spriggan air magi (Depths:2)
  Erolcha (D:11)
  A merfolk avatar (Shoals:1)
  19 ogre magi
  10 anacondas
  2 death knights
  Erica (D:10)
  A merfolk aquamancer (Shoals:1)
  11 centaur warriors
  2 deep troll shamans (Depths:2)
  The ghost of simples the Spear-Bearer, a novice MfBe of Trog (D:8)
  2 deep troll earth magi
  6 shock serpents
  9 naga sharpshooters
  5 tengu warriors
  A spriggan berserker (Depths:2)
  Urug (D:14)
  An orc high priest (Depths:2)
  2 spriggans (Depths:2)
  9 deep elf knights
  2 fire crabs
  A shadow wraith (Vaults:1)
  3 hell knights (Depths:1)
  A sea snake (Shoals:1)
  2 salamander mystics
  8 deep trolls
  3 giant orange brains
  5 wizards
  2 unseen horrors
  3 skeletal warriors (Vaults:2)
  6 deep elf archers
  2 flayed ghosts (Depths:2)
  6 naga ritualists
  3 hill giants
  12 ironbrand convokers
  7 harpies
  8 mana vipers
  10 orc knights
  3 necromancers
  34 ugly things
  12 deep elf magi
  A mana viper (shapeshifter) (Vaults:1)
  3 wolf spiders
  11 griffons
  A wolf spider zombie (D:15)
  12 salamanders
  An orc sorcerer (Orc:2)
  2 hornets (shapeshifter) (Depths:1)
  3 manticores
  5 sirens (Shoals:1)
  3 fauns (Shoals:1)
  A salamander (shapeshifter) (Depths:2)
  7 hornets
  4 cyclopes
  3 ice statues (IceCv)
  29 black mambas
  11 naga magi
  13 vault sentinels
  4 guardian serpents
  14 elephants
  A torpor snail (Lair:6)
  Joseph (Lair:1)
  A black mamba (shapeshifter) (Vaults:4)
  Psyche (D:11)
  29 spiny frogs
  2 gargoyles
  4 kobold demonologists
  10 freezing wraiths
  A rime drake (Lair:7)
  12 ice devils
  A tormentor (Depths:1)
  25 yaktaurs
  4 anaconda simulacra (IceCv)
  9 komodo dragons
  A jumping spider (Vaults:4)
  A red devil (Depths:1)
  A queen bee (Depths:2)
  9 trolls
  2 tengu conjurers
  6 merfolk
  A two-headed ogre (shapeshifter) (Vaults:3)
  3 giant leeches (Lair:8)
  A polar bear (shapeshifter) (Vaults:2)
  A wind drake (Shoals:1)
  53 two-headed ogres
  18 slime creatures
  35 blink frogs
  2 boulder beetles
  A human simulacrum (Vaults:3)
  2 snapping turtles (Shoals:1)
  3 flying skulls
  The ghost of pedritolo the Ruffian, an amateur GrGl (D:7)
  7 redbacks
  3 dire elephant simulacra (IceCv)
  3 vampires
  49 yaks
  4 tarantellas
  A wyvern (shapeshifter) (Vaults:1)
  3 fire elementals (Orc:2)
  4 water elementals
  A wyvern (D:12)
  A hippogriff (shapeshifter) (D:13)
  4 basilisks
  3 hogs
  19 humans (D:13)
  A wraith (D:15)
  2 basilisks (shapeshifter)
  A chaos spawn (Depths:1)
  9 hippogriffs
  5 hungry ghosts
  14 vampire mosquitoes
  47 nagas
  A yaktaur simulacrum (Vaults:3)
  Menkaure (Ossuary)
  3 steam dragons
  2 insubstantial wisps (Depths:1)
  3 mottled dragons
  3 harpy simulacra (IceCv)
  8 wargs
  2 hell hounds (Orc:2)
  2 soldier ants
  17 water moccasins
  The ghost of Tibison the Digger, an amateur GrEE (D:4)
  A soldier ant (shapeshifter) (Vaults:3)
  3 swamp drakes
  15 porcupines
  32 orc warriors
  Duvessa (D:7)
  4 sky beasts
  11 ice beasts
  3 wasps
  A necrophage (D:8)
  65 ogres
  2 phantoms
  25 wolves
  12 centaurs
  12 crocodiles
  2 big kobolds (Vaults:3)
  36 giant frogs
  A gnoll sergeant (D:8)
  Dowan (D:7)
  8 scorpions
  A wyvern skeleton (D:13)
  18 killer bees (Depths:2)
  5 wights
  9 howler monkeys
  2 electric eels
  7 crimson imps
  A giant frog zombie (D:12)
  A wasp zombie (D:12)
  10 hounds
  A quasit (D:12)
  2 centaur zombies
  3 jellies
  20 orc priests
  24 orc wizards
  Crazy Yiuf (D:3)
  2 giant frog skeletons
  5 centaur skeletons
  13 iguanas
  7 worker ants
  19 sheep
  2 killer bee zombies
  8 ogre zombies (D:12)
  A hound zombie (D:11)
  5 mummies
  A hound skeleton (D:11)
  A worker ant zombie (D:11)
  3 gnolls (D:8)
  8 adders
  78 river rats
  5 shadow imps
  An ooze (D:2)
  2 adder skeletons
  5 worms
  6 dart slugs
  7 giant geckos
  86 orcs
  5 giant cockroaches
  5 gnoll zombies (Ossuary)
  8 goblins
  9 hobgoblins
  14 jackals
  A quokka (D:6)
  A ball python (D:4)
  6 bats
  4 giant newts
  4 gnoll skeletons (Ossuary)
  3 goblin skeletons (Ossuary)
  2 goblin zombies
  2 hobgoblin skeletons (Ossuary)
  3 hobgoblin zombies
  10 kobolds
  3 kobold skeletons (Ossuary)
  2 kobold zombies (Ossuary)
  4 orc skeletons
  22 orc zombies
  A quokka zombie (D:6)
  6 rats
  A rat skeleton (Ossuary)
  3 rat zombies (Ossuary)
  2 plants (Lair:8)
  A tentacle (Shoals:1)
1676 creatures vanquished.

Vanquished Creatures (others)
  A tengu conjurer (D:15)
  An ogre (Vaults:4)
  A giant frog (Lair:8)
  A vampire bat (Depths:1)
  A river rat (Lair:8)
  2 gnoll zombies (Ossuary)
  A goblin skeleton (Ossuary)
  3 goblin zombies (Ossuary)
  A hobgoblin skeleton (Ossuary)
  4 hobgoblin zombies (Ossuary)
  3 kobold skeletons (Ossuary)
  2 orc skeletons (Ossuary)
  4 rat skeletons (Ossuary)
  2 rat zombies (Ossuary)
  3 fungi (Lair:8)
  5 plants
  3 tentacles (Shoals:1)
  122 tentacle segments (Shoals:1)
160 creatures vanquished.

Grand Total: 1836 creatures vanquished

Notes
Turn   | Place    | Note
--------------------------------------------------------------
     0 | D:1      | Goblin1989 the Gargoyle Gladiator began the quest for the Orb.
     0 | D:1      | Reached XP level 1. HP: 12/12 MP: 1/1
    80 | D:1      | Reached XP level 2. HP: 16/17 MP: 2/2
   241 | D:1      | Reached XP level 3. HP: 22/22 MP: 3/3
   928 | D:2      | Found a shattered altar of Ashenzari.
   994 | D:2      | Reached skill level 1 in Armour
  1100 | D:2      | Reached XP level 4. HP: 27/27 MP: 4/4
  1389 | D:2      | Reached skill level 4 in Maces & Flails
  1864 | D:3      | Found a glowing golden altar of the Shining One.
  1924 | D:3      | Found an ancient bone altar of Kikubaaqudgha.
  1927 | D:3      | Found an opulent altar of Gozag.
  1929 | D:3      | Found an iron altar of Okawaru.
  1934 | D:3      | Became a worshipper of Gozag Ym Sagoz the Greedy
  2030 | D:3      | Noticed Crazy Yiuf
  2041 | D:3      | Killed Crazy Yiuf
  2041 | D:3      | Reached XP level 5. HP: 31/31 MP: 5/5
  2355 | D:4      | Reached skill level 5 in Maces & Flails
  2434 | D:4      | Reached XP level 6. HP: 33/36 MP: 6/6
  2837 | D:4      | Reached skill level 6 in Maces & Flails
  2948 | D:4      | Reached XP level 7. HP: 40/40 MP: 7/7
  3226 | D:4      | Noticed Tibison's ghost (amateur GrEE)
  3262 | D:4      | Killed Tibison's ghost
  3267 | D:4      | Reached skill level 7 in Maces & Flails
  3444 | D:4      | Found a staircase to the Ecumenical Temple.
  3475 | D:4      | Got an ancient dagger
  3476 | D:4      | Identified the cursed +3 dagger "Cyill" {pierce, rC+ Str+2 Int+2} (You found it on level 4 of the Dungeon)
  3554 | D:5      | Entered Level 5 of the Dungeon
  3886 | D:5      | Reached skill level 8 in Maces & Flails
  3886 | D:5      | Reached XP level 8. HP: 38/45 MP: 8/8
  4269 | D:6      | Found a sand-covered staircase.
  4276 | Ossuary  | Entered an ossuary
  4613 | Ossuary  | Noticed Menkaure
  4627 | Ossuary  | Killed Menkaure
  4712 | Ossuary  | Learned a level 1 spell: Apportation
  4790 | D:6      | Reached skill level 9 in Maces & Flails
  5444 | D:6      | Reached skill level 10 in Maces & Flails
  5690 | D:7      | Noticed Dowan
  5698 | D:7      | Noticed Duvessa
  5723 | D:7      | Killed Duvessa
  5723 | D:7      | Reached XP level 9. HP: 45/49 MP: 9/9
  5734 | D:7      | Killed Dowan
  5870 | D:7      | Reached skill level 11 in Maces & Flails
  5976 | D:7      | Found a shimmering altar of Xom.
  5977 | D:7      | Found a burning altar of Makhleb.
  6116 | D:7      | Noticed pedritolo's ghost (amateur GrGl)
  6146 | D:7      | Killed pedritolo's ghost
  6170 | D:7      | Noticed a hill giant
  6183 | D:7      | Killed a hill giant
  6183 | D:7      | Reached skill level 5 in Armour
  6350 | D:7      | Found a shadowy altar of Dithmenos.
  6350 | D:7      | Found a white marble altar of Elyvilon.
  6352 | D:7      | Found a snail-covered altar of Cheibriados.
  6354 | D:7      | Found a sacrificial altar of Ru.
  6833 | D:8      | Noticed simples's ghost (novice MfBe)
  6903 | D:8      | Killed simples's ghost
  6903 | D:8      | Reached skill level 5 in Fighting
  6903 | D:8      | Reached skill level 12 in Maces & Flails
  6903 | D:8      | Reached XP level 10. HP: 37/59 MP: 10/10
  7158 | D:8      | Found a blossoming altar of Fedhas.
  7438 | D:8      | Found a staircase to the Lair.
  7640 | D:8      | Found a deep blue altar of Sif Muna.
  8043 | D:9      | Learned a level 2 spell: Repel Missiles
  8046 | D:9      | Learned a level 2 spell: Blink
  8381 | D:10     | Entered Level 10 of the Dungeon
  8447 | D:10     | Found Xosiexoneo's Distillery.
  8458 | D:10     | Bought a potion of haste for 150 gold pieces
  8458 | D:10     | Bought a potion of invisibility for 120 gold pieces
  8458 | D:10     | Bought a potion of resistance for 150 gold pieces
  8458 | D:10     | Bought a potion of heal wounds for 75 gold pieces
  8458 | D:10     | Bought a potion of brilliance for 60 gold pieces
  8458 | D:10     | Bought a potion of might for 60 gold pieces
  8458 | D:10     | Bought a potion of curing for 45 gold pieces
  8476 | D:10     | Found Ofudoceps's Book Boutique.
  8507 | D:10     | Found Vool Wua's Magic Scroll Shop.
  8524 | D:10     | Reached skill level 13 in Maces & Flails
  8542 | D:10     | Bought a scroll of fog for 24 gold pieces
  8542 | D:10     | Bought a scroll of identify for 24 gold pieces
  8542 | D:10     | Bought a scroll of acquirement for 624 gold pieces
  8542 | D:10     | Bought a scroll of identify for 24 gold pieces
  8542 | D:10     | Bought a scroll of teleportation for 36 gold pieces
  8542 | D:10     | Bought a scroll of identify for 24 gold pieces
  8542 | D:10     | Bought a scroll of silence for 90 gold pieces
  8542 | D:10     | Bought a scroll of torment for 90 gold pieces
  8542 | D:10     | Bought a scroll of teleportation for 36 gold pieces
  8669 | D:10     | Noticed Erica
  8672 | D:10     | Killed Erica
  8672 | D:10     | Reached XP level 11. HP: 64/67 MP: 11/11
  9195 | D:11     | Noticed Psyche
  9195 | D:11     | Noticed Erolcha
  9288 | D:11     | Noticed a purple ugly thing
  9292 | D:11     | Noticed a red ugly thing
  9294 | D:11     | Killed Psyche
  9300 | D:11     | Killed a purple ugly thing
  9307 | D:11     | Killed a red ugly thing
  9312 | D:11     | Reached skill level 14 in Maces & Flails
  9339 | D:11     | Killed an unseen horror
  9389 | D:11     | Killed Erolcha
  9570 | D:11     | Noticed a cyan ugly thing
  9581 | D:11     | Killed a cyan ugly thing
  9606 | D:11     | Reached skill level 1 in Evocations
  9610 | D:11     | Reached XP level 12. HP: 75/75 MP: 11/13
  9671 | D:11     | Found Vusmalat's Armour Boutique.
  9676 | D:11     | Bought the cursed +0 helmet of the Lair of Beasts {MR+ Dex+3} for 265 gold pieces
 10019 | D:12     | Found a staircase to the Orcish Mines.
 10082 | D:12     | Reached skill level 10 in Armour
 10328 | D:12     | Reached skill level 10 in Fighting
 11115 | D:13     | Reached XP level 13. HP: 84/84 MP: 16/16
 11132 | D:13     | Noticed a vault guard
 11146 | D:13     | Killed a vault guard
 11156 | D:13     | Noticed a vault guard
 11163 | D:13     | Killed a vault guard
 11178 | D:13     | Found a gate to the Vaults.
 11178 | D:13     | Noticed a vault guard
 11187 | D:13     | Killed a vault guard
 11613 | D:13     | Reached skill level 5 in Evocations
 11622 | D:13     | Noticed Kirke
 11629 | D:13     | Killed Kirke
 11839 | D:14     | Found Iritut's General Store.
 11844 | D:14     | Bought a wand of digging (12/24) for 384 gold pieces
 11844 | D:14     | Bought 2 potions of might for 96 gold pieces
 11844 | D:14     | Bought a scroll of teleportation for 36 gold pieces
 11844 | D:14     | Bought a scroll of identify for 24 gold pieces
 11844 | D:14     | Bought the cursed +0 buckler of the Dwarven Hall {rCorr} for 169 gold pieces
 11898 | D:14     | Reached skill level 1 in Shields
 11958 | D:14     | Identified the Grimoire of the Damaging Entourage
 12005 | D:14     | Noticed Urug
 12021 | D:14     | Killed Urug
 12178 | D:15     | Entered Level 15 of the Dungeon
 12220 | D:15     | Noticed a salamander stormcaller
 12228 | D:15     | Gained mutation: Your large and strong wings let you fly indefinitely. [Gargoyle growth]
 12228 | D:15     | Reached XP level 14. HP: 94/94 MP: 18/18
 12230 | D:15     | Killed a salamander stormcaller
 12236 | D:15     | Reached skill level 5 in Shields
 12546 | D:15     | Found Couxt's Distillery.
 12578 | D:15     | Bought a potion of cure mutation for 500 gold pieces
 12578 | D:15     | Bought a potion of haste for 200 gold pieces
 12578 | D:15     | Bought a potion of cancellation for 160 gold pieces
 12578 | D:15     | Bought a potion of haste for 200 gold pieces
 12578 | D:15     | Bought 2 potions of might for 160 gold pieces
 12744 | D:15     | Found a staircase to the Depths.
 13085 | Orc:1    | Entered Level 1 of the Orcish Mines
 13085 | Orc:1    | Found a roughly hewn altar of Beogh.
 13095 | Orc:1    | Noticed Maud
 13115 | Orc:1    | Killed Maud
 13395 | Orc:1    | Noticed Harold
 13421 | Orc:1    | Killed Harold
 13610 | Orc:2    | Entered Level 2 of the Orcish Mines
 13622 | Orc:2    | Found Movoumn's Book Shoppe.
 13629 | Orc:2    | Found Pacuv's Food Boutique.
 13629 | Orc:2    | Found Conudo's Food Shoppe.
 13629 | Orc:2    | Found Ekaod's Food Shop.
 13689 | Orc:2    | Bought a meat ration for 55 gold pieces
 13689 | Orc:2    | Bought a bread ration for 55 gold pieces
 13689 | Orc:2    | Bought a bread ration for 55 gold pieces
 13689 | Orc:2    | Bought a meat ration for 55 gold pieces
 13689 | Orc:2    | Bought a beef jerky for 16 gold pieces
 13689 | Orc:2    | Bought a meat ration for 55 gold pieces
 13769 | Orc:2    | Noticed Azrael
 13778 | Orc:2    | Reached XP level 15. HP: 73/101 MP: 20/20
 13794 | Orc:2    | Killed Azrael
 14134 | Orc:2    | Found a staircase to the Elven Halls.
 14138 | Orc:2    | Found Tonesch's Weapon Shoppe.
 14893 | Lair:1   | Entered Level 1 of the Lair of Beasts
 15076 | Lair:1   | Reached skill level 15 in Fighting
 15328 | Lair:1   | Noticed Joseph
 15338 | Lair:1   | Killed Joseph
 15679 | Lair:2   | Found a labyrinth entrance.
 15684 | Lab      | Entered a labyrinth
 16034 | Lab      | Identified a +0 rod of clouds (9/9) (You found it in a labyrinth)
 16036 | Lab      | Identified the Handbook of the Flying Glacier (You found it in a labyrinth)
 16040 | Lab      | Got a bloodstained mace
 16041 | Lab      | Identified the +6 mace of Unigusk {flame, rF+ Str+3} (You found it in a labyrinth)
 16754 | Lair:3   | Found a dark tunnel.
 16766 | Volcano  | Entered a volcano
 17718 | Lair:4   | Reached skill level 15 in Maces & Flails
 18303 | Lair:5   | Found a staircase to the Snake Pit.
 19205 | Lair:6   | Found a staircase to the Shoals.
 20040 | Lair:7   | Reached XP level 16. HP: 108/108 MP: 22/22
 20229 | Lair:7   | Found a staircase to the Slime Pits.
 20810 | Lair:8   | Entered Level 8 of the Lair of Beasts
 20932 | Lair:8   | Reached skill level 16 in Maces & Flails
 21882 | Snake:1  | Entered Level 1 of the Snake Pit
 22049 | Snake:1  | Reached skill level 5 in Dodging
 22216 | Snake:1  | Noticed Louise
 22247 | Snake:1  | Killed Louise
 22947 | Snake:2  | Found a frozen archway.
 22953 | IceCv    | Entered an ice cave
 23280 | IceCv    | Noticed an Ice Fiend
 23297 | IceCv    | Killed an Ice Fiend
 23297 | IceCv    | Reached skill level 10 in Evocations
 23305 | IceCv    | Got a pair of dazzling boots
 23311 | IceCv    | Identified the +2 pair of boots of the Dolphin {rC+ MP-9 Str+3 SInv} (You found it in an ice cave)
 23445 | IceCv    | Reached XP level 17. HP: 116/116 MP: 15/24
 23591 | IceCv    | Reached skill level 17 in Maces & Flails
 23807 | Snake:2  | Identified a +2 rod of inaccuracy (9/9) (You found it on level 2 of the Snake Pit)
 24434 | Snake:4  | Entered Level 4 of the Snake Pit
 24601 | Snake:4  | Noticed Asterion
 24609 | Snake:4  | Killed Asterion
 24699 | Snake:4  | Noticed Donald
 24726 | Snake:4  | Killed Donald
 25443 | Snake:4  | Reached skill level 15 in Armour
 25463 | Snake:4  | Reached skill level 18 in Maces & Flails
 25602 | Snake:4  | Noticed Vashnia
 25616 | Snake:4  | Noticed Aizul
 26017 | Snake:4  | Killed Aizul
 26022 | Snake:4  | Reached XP level 18. HP: 110/123 MP: 17/26
 26280 | Snake:4  | Killed Vashnia
 26401 | Snake:4  | Got a serpentine rune of Zot
 26571 | Shoals:1 | Entered Level 1 of the Shoals
 28265 | Vaults:1 | Entered Level 1 of the Vaults
 29068 | Vaults:1 | Reached skill level 19 in Maces & Flails
 29846 | Vaults:2 | Reached XP level 19. HP: 128/129 MP: 18/27
 31072 | Vaults:3 | Noticed a golden dragon
 31100 | Vaults:3 | Killed a golden dragon
 31469 | Vaults:3 | Reached skill level 20 in Maces & Flails
 32068 | Vaults:3 | Found Viq Umog's Book Boutique.
 32453 | Vaults:4 | Reached XP level 20. HP: 137/137 MP: 20/29
 32504 | Vaults:4 | Reached skill level 1 in Translocations
 33485 | Vaults:4 | Found Obreonn's Gadget Boutique.
 33507 | Vaults:4 | Bought a +7 iron rod (13/13) for 2104 gold pieces
 33507 | Vaults:4 | Bought a lamp of fire for 720 gold pieces
 34267 | Depths:1 | Entered Level 1 of the Depths
 34300 | Depths:1 | Found a gateway to Hell.
 34326 | Depths:1 | Noticed Mara
 34340 | Depths:1 | Noticed Goblin1989's illusion
 34344 | Depths:1 | Killed Mara
 34540 | Depths:1 | Noticed Sojobo
 34558 | Depths:1 | Killed Sojobo
 34700 | Depths:1 | Got a fine hat
 34711 | Depths:1 | Identified the +2 hat "Dobrarcho" {rElec rC+ Regen+} (You found it on level 1 of the Depths)
 34839 | Depths:1 | Identified the Handbook of Moulding
 34988 | Depths:1 | Found a one-way gate leading to the halls of Pandemonium.
 35110 | Depths:1 | Reached XP level 21. HP: 63/143 MP: 22/31
 35673 | Depths:2 | Reached skill level 5 in Translocations
 36596 | Depths:2 | HP: 6/144 [spriggan air mage/bolt of lightning[a spriggan defender] (4)]
 36962 | Depths:2 | Found a runed door.
 37356 | Depths:2 | Reached skill level 15 in Evocations
 37770 | Depths:2 | Slain by a spriggan berserker

Skill      XL: |  1  2  3  4  5  6  7  8  9 10 11 12 13 14 15 16 17 18 19 20 21 |
---------------+----------------------------------------------------------------+-----
Throwing       | 2 |  2.0
Dodging        | 3 5 6 7 8 |  8.0
Armour         | 1 2 3 5 7 9 11 12 14 15 16 17 | 17.9
Maces & Flails | 4 5 6 8 10 12 13 14 15 16 18 19 20 | 20.1
Fighting       | 5 7 8 11 13 14 15 16 17 18 19 | 19.2
Evocations     | 1 4 6 7 8 10 11 12 14 15 | 15.1
Shields        | 4 5 |  5.3
Translocations | 4 6 |  6.4

Action                   |  1- 3 |  4- 6 |  7- 9 | 10-12 | 13-15 | 16-18 | 19-21 || total
-------------------------+-------+-------+-------+-------+-------+-------+-------++-------
Melee: Flail             |   157 |   197 |   718 |   295 |       |       |       ||  1367
       Shillelagh        |       |       |       |   385 |   440 |       |       ||   825
       Great mace        |       |       |       |       |   852 |  1703 |  1668 ||  4223
Throw: Throwing net      |       |     1 |       |       |       |       |       ||     1
 Cast: Blink             |       |       |       |       |       |       |     1 ||     1
Invok: Potion Petition   |       |       |       |     1 |       |       |       ||     1
 Abil: Fly               |       |       |       |       |     1 |       |       ||     1
Evoke: Wand              |       |       |       |       |     2 |     4 |     2 ||     8
       Rod               |       |       |       |       |       |     4 |     4 ||     8
       Stone of tremors  |       |       |       |       |       |     1 |       ||     1
  Use: Potion            |       |     1 |     7 |     3 |     3 |     8 |     5 ||    27
       Scroll            |       |       |    17 |     5 |    15 |    11 |     5 ||    53
 Stab: Sleeping          |     1 |       |       |       |       |       |       ||     1
       Held in net/web   |       |     2 |       |       |       |       |       ||     2
       Distracted        |       |       |     3 |     6 |    11 |     8 |    13 ||    41
       Invisible         |       |       |     2 |       |       |       |       ||     2
       Confused          |       |       |       |       |     1 |       |       ||     1
  Eat: Chunk             |       |     3 |       |       |       |       |       ||     3
       Fruit             |       |     4 |       |     3 |       |    15 |     7 ||    29
       Beef jerky        |       |       |     3 |     3 |     2 |     1 |     3 ||    12
       Royal jelly       |       |       |     1 |     8 |     3 |     2 |     1 ||    15
       Meat ration       |       |       |     2 |       |     5 |     4 |     2 ||    13
       Pizza             |       |       |     1 |       |     1 |     1 |     1 ||     4
       Bread ration      |       |       |       |       |     3 |       |       ||     3
Armor: Leather armour    |    28 |       |       |       |       |       |       ||    28
       Plate armour      |    98 |   112 |   482 |   414 |  1119 |  1464 |  1189 ||  4878
       Skin              |       |     9 |       |       |       |       |       ||     9
Dodge: Dodged            |    92 |    50 |   189 |   178 |   543 |   776 |   741 ||  2569
Block: Buckler           |       |       |       |       |    50 |       |       ||    50
